 Dungeon Crawl Stone Soup version 0.28.0-53-g5a82cb258f (webtiles) character file.

Game seed: 17367792091191302542

123 Infinimo the Skirmisher (level 5, -8/57 HPs)
             Began as an Ogre Berserker on June 4, 2022.
             Was a Believer of Trog.
             Mangled by Sigmund
             ... wielding a +0 scythe
              (13 damage)
             ... on level 3 of the Dungeon.
             The game lasted 00:03:04 (2816 turns).

Infinimo the Skirmisher (Ogre Berserker)            Turns: 2816, Time: 00:03:05

Health: -8/57      AC:  3    Str: 20 (23) XL:     5   Next: 7%
Magic:  5/5        EV: 10    Int:  6 (8)  God:    Trog [**....]
Gold:   60         SH:  0    Dex:  7 (8)  Spells: 4/4 levels left

rFire   . . .      SeeInvis .   a - +0 mace
rCold   . . .      Faith    .   (no shield)
rNeg    . . .      Spirit   .   b - +0 animal skin
rPois   .          Reflect  .   (helmet restricted)
rElec   .          Harm     .   (no cloak)
rCorr   .          Rampage  .   (gloves unavailable)
Will    .....                   (boots unavailable)
Stlth   +.........              (no amulet)
HPRegen 0.19/turn               (no ring)
MPRegen 0.09/turn               (no ring)

@: on berserk cooldown, slowed, very slow
A: large, unfitting armour, tough skin 1
a: Renounce Religion, Berserk, Trog's Hand


You were on level 3 of the Dungeon.
You worshipped Trog.
Trog was pleased with you.
You visited 1 branch of the dungeon, and saw 3 of its levels.

You collected 60 gold pieces.

Inventory:

Hand Weapons
 a - a +0 mace (weapon)
 k - a +0 great mace
Armour
 b - a +0 animal skin (worn)
Wands
 g - a wand of digging (6)
Scrolls
 c - 4 scrolls of identify {unknown}
 d - a scroll of brand weapon {unknown}
 e - a scroll of enchant armour {unknown}
 f - a scroll of vulnerability {unknown}
 h - 2 scrolls of fog {unknown}
 i - a scroll of teleportation {unknown}
 j - a scroll of immolation {unknown}
 l - a scroll of fear {unknown}


   Skills:
 + Level 5.2 Fighting
 * Level 4.4 Maces & Flails
 - Level 2.7 Dodging


You had 4 spell levels left.
You didn't know any spells.
Your spell library was empty.

Dungeon Overview and Level Annotations

Branches:
Dungeon (3/15)

Altars:

Shops:
D:1 !

Annotations:
D:3 Sigmund


Innate Abilities, Weirdness & Mutations

You are too large for most types of armour.
You have tough skin. (AC +1)


Message History

Sigmund is heavily wounded.
Sigmund hits you with a +0 scythe!
You barely miss Sigmund.
Sigmund is heavily wounded.
You closely miss Sigmund.
Sigmund is heavily wounded.
Sigmund mumbles some strange words.
Sigmund flickers and vanishes!
Deactivating autopickup; reactivate with Ctrl-A.
No target in view!
No target in view!
No target in view!
You hit something. Something hits you.
You closely miss something. You hit something. Something hits you!
You closely miss something. You closely miss something.
You hear some strange, mumbled words.
You are confused.
Something hits you but does no damage.
You feel a strong urge to attack something.
You are no longer berserk.
You are exhausted.
You feel yourself slow down. Something hits you!
You hear some strange, mumbled words.
A puff of flame appears from out of thin air!
The puff of flame hits you! Something hits you!
* * * LOW HITPOINT WARNING * * *
It was a potion of degeneration.
There was something very wrong with that liquid.
You feel weakened.
You feel dopey.
You feel clumsy.
You feel less confused.
You hear some strange, mumbled words.
Something tries to affect you, but you resist.
Something hits you.
* * * LOW HITPOINT WARNING * * *
Something hits you!
You die...

#.......# #.#........ #.
.....+ #.#.......## #..
...### #.#..#.#...# ##...
#.<.# #.#..#.#...#
.....#+#.=.###.#....#...#
.............†...........
..........#.##.##........
..........#.##.#######...
.......{@.#.##.# #.....
...##.....#.##.# #.#††.
.. #.....+.##.# #.#... .
#.....####.# #.####
#.....# #.#####.#
.......# #.#.....#
........# #.#.#####
....###### #.#.# ....
####'#'######


There were no monsters in sight!

Vanquished Creatures
  An orc wizard (D:3)
  Robin (D:1)
  2 dart slugs
  4 orcs (D:3)
  6 ball pythons
  4 bats
  6 endoplasms
  7 giant cockroaches
  6 hobgoblins
  3 jackals (D:3)
  3 kobolds
  3 quokkas
  3 frilled lizards
  15 goblins
  2 rats
66 creatures vanquished.

Vanquished Creatures (others)
  4 plants (D:3)
4 creatures vanquished.

Grand Total: 70 creatures vanquished

Notes
Turn   | Place    | Note
-------+----------+-------------------------------------------
     0 | D:1      | Infinimo the Ogre Berserker began the quest for the Orb.
     0 | D:1      | Reached XP level 1. HP: 24/24 MP: 1/1
   109 | D:1      | Reached XP level 2. HP: 29/32 MP: 2/2
   301 | D:1      | Found Peycyj Tiafu's Distillery.
   380 | D:1      | Reached XP level 3. HP: 39/40 MP: 3/3
   602 | D:1      | Reached ** piety under Trog
  1027 | D:2      | Noticed Robin
  1117 | D:1      | Killed Robin
  1118 | D:1      | Reached XP level 4. HP: 37/49 MP: 4/4
  2243 | D:3      | Reached skill level 5 in Fighting
  2668 | D:3      | Reached XP level 5. HP: 52/57 MP: 5/5
  2796 | D:3      | Noticed Sigmund
  2816 | D:3      | Mangled by Sigmund

Illustrated notes

Levels and vault maps discovered:
D:1:      amcnicky_arrival_double_pillar, layout_loops_ring, serial_shops, shop,
          chequers_serial_rivers_room_b, due_unseen_surprise
D:2:      layout_basic, uniq_robin
D:3:      layout_basic, minmay_crystal_room, serial_bayou_lagoon_b,
          uniq_sigmund, uniq_crazy_yiuf_cottage, uniq_jessica, uniq_grinder

Skill      XL: |  1  2  3  4 |
---------------+-------------+-----
Maces & Flails | 3 4 |  4.4
Fighting       | 5 |  5.2
Dodging        | |  2.7

Action                   |  1- 3 |  4- 6 || total
-------------------------+-------+-------++-------
Melee: Mace              |   108 |    74 ||   182
       Punch             |     1 |       ||     1
Invok: Berserk           |     3 |     2 ||     5
  Use: Potion            |       |     2 ||     2
Armor: Animal skin       |    40 |    15 ||    55
Dodge: Dodged            |    69 |    44 ||   113
